 Seeded DCSS version 0.30.1-4-g462c640d31 (webtiles) character file.

Game seed: 920673320228942481 (custom seed)

0 Psyclone the Stinger (level 1, 11/11 HPs)
             Began as an Octopode Venom Mage on Sept 19, 2023.
             Quit the game on level 1 of the Dungeon.
             The game lasted 00:00:57 (117 turns).

Psyclone the Stinger (Octopode Venom Mage)           Turns: 117, Time: 00:00:58

Health: 11/11      AC:  1    Str:  7    XL:     1   Next: 10%
Magic:  3/3        EV: 13    Int: 17    God:
Gold:   13         SH:  0    Dex: 12    Spells: 3/4 levels left

rFire   . . .        (no weapon)
rCold   . . .        (no shield)
rNeg    . . .        (helmet restricted)
rPois   .            (no amulet)
rElec   .            (no ring)
rCorr   .            (no ring)
SInv    .            (no ring)
Will    .....        (no ring)
Stlth   +++          (no ring)
HPRegen 0.21/turn    (no ring)
MPRegen 0.08/turn    (no ring)
                     (no ring)

%: no passive effects
@: no status effects
A: almost no armour, amphibious, 8 rings, camouflage 1, gelatinous body 1,
(nimble swimmer 1), tentacles
a: no special abilities


You were on level 1 of the Dungeon.
You visited 1 branch of the dungeon, and saw 1 of its levels.

You collected 13 gold pieces.

Inventory:

Jewellery
 b - a ring of wizardry
Scrolls
 d - a scroll of acquirement
Potions
 a - a potion of magic
 c - a potion of resistance {unknown}


   Skills:
 - Level 2.0 Dodging
 - Level 2.6 Stealth
 - Level 2.0 Spellcasting
 - Level 1.0 Transmutations
 + Level 3.7 Poison Magic


You had 3 spell levels left.
You knew the following spells:

 Your Spells              Type           Power      Damage    Failure   Level
a - Sting                 Tmut/Pois      36%        1d4       8%          1

Your spell library contained the following spells:

 Spells                   Type           Power      Damage    Failure   Level
 Poisonous Vapours        Pois/Air       14%        N/A       14%         2
 Mephitic Cloud           Conj/Pois/Air  5%         N/A       34%         3
 Olgreb's Toxic Radiance  Pois           14%        N/A       38%         4


Dungeon Overview and Level Annotations

Branches:
Dungeon (1/15) Zot: 5883

Altars:


Innate Abilities, Weirdness & Mutations

You cannot wear most types of armour.
You are amphibious.
You can wear up to eight rings at the same time.
Your skin changes colour to match your surroundings (Stealth+).
Your rubbery body absorbs attacks. (AC +1, EV +1)
((You are camouflaged when in or above water. (Stealth+)))
You have tentacles for arms and can constrict up to eight enemies at once.


Message History

Welcome, Psyclone the Octopode Venom Mage.
Game seed: 920673320228942481 (custom seed) Press ? for a list of commands and other information.
Found a staircase leading out of the dungeon.
Found 4 gold pieces.
A dart slug comes into view.
You open the door.
There is an open door here.
You open the door.
There is an open door here.
You open the door.
Found a smoky grey potion and an encrusted emerald ring.
There is an open door here.
b - a ring of wizardry
c - a smoky grey potion
There is an open door here.
There is an open door here.
A ball python comes into view.
Found a stone staircase leading down.
The helpless ball python fails to defend itself.
You tentacle-slap the ball python. Your grab misses the ball python.
You squeeze the ball python.
You kill the ball python!
Found 3 scrolls labelled NOEDYA EDEF.
Found 13 gold pieces.
You now have 13 gold pieces.
You open the door.
There is an open door here.
Found a hand axe.
d - 3 scrolls labelled NOEDYA EDEF This is a scroll of acquirement!
Something appears before you! Something appears before you!
Are you sure you want to abandon this character and quit the game? (Confirm with "yes".)

....... #######+#....#
##### #............#
#... #.........#.# #....
#...........####....
#........#..........
#........#...###.#
#######'##.#...#.#
#.##+#.#.#@#####.
#######.#....#.........)
......#.#.....#.######.#
...##.#.#...#....##
....#.#.##+#####..##
......#.##.######..#
....###.##........>####
###.###.................
#.#.....##############


There were no monsters in sight!

Vanquished Creatures
  A ball python (D:1)
1 creature vanquished.

Notes
Turn   | Place    | Note
-------+----------+-------------------------------------------
     0 | D:1      | Psyclone the Octopode Venom Mage began the quest for the
                  | Orb.
     0 | D:1      | Reached XP level 1. HP: 11/11 MP: 3/3
   115 | D:1      | Identified 3 scrolls of acquirement
   115 | D:1      | Acquired 690 gold pieces
   116 | D:1      | Acquired the ring "Zitassut" {+Blink rPois}
   117 | D:1      | Quit the game

Illustrated notes

Levels and vault maps discovered:
D:1:      dpeg_arrival_orchard, layout_basic

Action                     || total
---------------------------++-------
  Melee: Unarmed           ||     1
         Tentacles         ||     1
    Use: Scroll            ||     2
   Stab: Sleeping          ||     1
